 Dungeon Crawl Stone Soup version 0.24-a0-251-g44e327e (webtiles) character file.

Game seed: 14663167442285178333

133 vorskei the Magician (level 4, -1/24 HPs)
             Began as a Deep Elf Wizard on Apr 16, 2019.
             Slain by a worm (7 damage)
             ... on level 3 of the Dungeon.
             The game lasted 00:12:53 (3050 turns).

vorskei the Magician (Deep Elf Wizard)              Turns: 3050, Time: 00:12:55

Health: -1/24      AC:  2    Str:  4    XL:     4   Next: 94%
Magic:  1/15       EV: 13    Int: 24    God:
Gold:   69         SH:  0    Dex: 13    Spells: 13/18 levels left

rFire    . . .     SeeInvis .   (no weapon)
rCold    . . .     Gourm    .   (no shield)
rNeg     . . .     Faith    .   a - +0 robe
rPois    .         Spirit   .   b - +0 hat
rElec    .         Reflect  .   (no cloak)
rCorr    .         Harm     .   (no gloves)
MR       .....                  (no boots)
Stlth    ++........             (no amulet)
HPRegen  0.08/turn              (no ring)
MPRegen  0.14/turn              (no ring)

@: lethally poisoned (-1 -> -14), very slightly contaminated
A: no striking features
a: no special abilities


You were on level 3 of the Dungeon.
You were not hungry.

You visited 1 branch of the dungeon, and saw 3 of its levels.

You collected 69 gold pieces.

Inventory:

Hand Weapons
 s - a +1 vampiric dagger
 u - a +0 hunting sling
Missiles
 e - 20 sling bullets
 g - 59 stones (quivered)
 i - 43 arrows
 w - 19 bolts
Armour
 a - a +0 robe (worn)
 b - a +0 hat (worn)
 v - a +3 scale mail
Jewellery
 q - an uncursed ring of protection from magic {unknown}
Scrolls
 c - 2 scrolls of remove curse {unknown}
 j - a scroll of amnesia {unknown}
 k - a scroll of enchant armour {unknown}
 r - a scroll of identify {unknown}
 t - a scroll of enchant weapon {unknown}
Potions
 f - a potion of curing {unknown}
 h - 2 potions of ambrosia {unknown}
 l - a potion of heal wounds {unknown}
 m - a potion of flight {unknown}
 o - a potion of agility {unknown}
 p - a potion of haste {unknown}
Comestibles
 d - 3 rations


   Skills:
 - Level 2.4 Dodging
 - Level 2.4 Stealth
 + Level 7.8 Spellcasting
 - Level 1.1 Conjurations
 - Level 1.1 Summonings
 - Level 1.1 Translocations


You had 13 spell levels left.
You knew the following spells:

 Your Spells              Type           Power        Failure   Level  Hunger
a - Blink                 Tloc           N/A          6%          2    None
q - Magic Dart            Conj           ##..         4%          1    None
s - Call Imp              Summ           ##......     6%          2    None

Your spell library contained the following spells:

 Spells                   Type           Power        Failure   Level  Hunger
 Slow                     Hex            #.......     10%         2    None
 Conjure Flame            Conj/Fire      ##......     16%         3    None
 Mephitic Cloud           Conj/Pois/Air  ##......     17%         3    None


Dungeon Overview and Level Annotations

Branches:
Dungeon (3/15)

Altars:
Nemelex Xobeh

Annotations:
D:3 1 transporter, TheMofoJoJo's ghost, weakling DsGl


Message History

Confirm with . or Enter, or press ? or * to list all spells.
A beastly little devil appears in a puff of flame.
You feel sick.
Your crimson imp misses the worker ant.
The worker ant misses you.
You feel sick.
Your crimson imp hits the worker ant.
Your crimson imp blinks!
Casting: Call Imp (safe; 6% risk of failure)
Confirm with . or Enter, or press ? or * to list all spells.
You blink.
* * * LOW HITPOINT WARNING * * *
You feel sick.
Your crimson imp hits the worker ant but does no damage.
Casting: Blink (safe; 6% risk of failure)
Confirm with . or Enter, or press ? or * to list all spells.
You don't have enough magic to cast that spell.
* * * LOW HITPOINT WARNING * * *
You feel sick.
Your crimson imp closely misses the worker ant.
The worm bites you!
You die...

#...#..## .#
#.#.# ...
#..#.##.#.###
...##..#........#
!......#.##.#.###
.W...ZZ#........#
########.....)#.#
............#.#
#.........# #
#.###..@.$....#
#..5...w......#
#####.§a......#
#...5.....###
#..§.........
#############


You could see a worm, a worker ant, TheMofoJoJo's ghost (dormant), a bullfrog
skeleton, a howler monkey skeleton and 2 friendly crimson imps.

Vanquished Creatures
  A gnoll (D:1)
  3 dart slugs
  4 leopard geckos
  8 bats
  4 giant cockroaches (D:1)
  4 goblins
  2 hobgoblins
  A frilled lizard (D:1)
  5 kobolds
  3 rats (D:1)
35 creatures vanquished.

Vanquished Creatures (collateral kills)
  An orc priest (D:3)
  3 orc wizards (D:3)
  10 orcs (D:3)
  A bat (D:3)
  A giant cockroach (D:3)
  A goblin (D:3)
  2 jackals (D:3)
  A quokka (D:3)
  2 rats (D:3)
22 creatures vanquished.

Grand Total: 57 creatures vanquished

Notes
Turn   | Place    | Note
-------+----------+-------------------------------------------
     0 | D:1      | vorskei the Deep Elf Wizard began the quest for the Orb.
     0 | D:1      | Reached XP level 1. HP: 10/10 MP: 7/7
   319 | D:1      | Reached skill level 5 in Spellcasting
   344 | D:1      | Reached XP level 2. HP: 12/15 MP: 3/10
   532 | D:1      | Learned a level 2 spell: Blink
   535 | D:1      | Learned a level 2 spell: Call Imp
   880 | D:1      | Reached skill level 6 in Spellcasting
   880 | D:1      | Reached XP level 3. HP: 19/19 MP: 6/12
  1969 | D:3      | Found a transporter.
  1980 | D:3      | Reached XP level 4. HP: 14/24 MP: 1/14
  2112 | D:3      | Reached skill level 7 in Spellcasting
  2307 | D:3      | Found a sparkling altar of Nemelex Xobeh.
  3050 | D:3      | Noticed TheMofoJoJo's ghost (weakling DsGl)
  3050 | D:3      | Slain by a worm

Levels and vault maps discovered:
D:1:      dpeg_arrival_water_temple_mockup, layout_basic, patterned_corridor
D:2:      layout_loops_cross
D:3:      layout_basic, gammafunk_ghost_mausoleum, nemelex_altar_shiori

Skill      XL: |  1  2  3  4 |
---------------+-------------+-----
Spellcasting   | 5 6 7 |  7.8
Dodging        | |  2.4
Stealth        | |  2.4
Conjurations   | |  1.1
Summonings     | |  1.1
Translocations | |  1.1

Action                   |  1- 3 |  4- 6 || total
-------------------------+-------+-------++-------
Melee: Unarmed           |       |    15 ||    15
 Cast: Magic Dart        |    81 |    13 ||    94
       Call Imp          |     5 |    21 ||    26
       Blink             |     1 |     5 ||     6
  Eat: Chunk             |     3 |     3 ||     6
Armor: Robe              |    13 |     1 ||    14
Dodge: Dodged            |    47 |    22 ||    69

Table legend:
 A = Non-vault XP
 B = Vault XP
 C = Vault XP percentage of total XP
 D = Non-vault monster count
 E = Vault monster count
 F = Vault count percentage of total count
                 A         B        C        D         E       F
            +---------+---------+-------+---------+---------+-------
      Total |     191 |       0 |   0.0 |      57 |       0 |   0.0
            +---------+---------+-------+---------+---------+-------
        D:1 |      51 |       0 |   0.0 |      21 |       0 |   0.0
        D:2 |      22 |       0 |   0.0 |      11 |       0 |   0.0
        D:3 |     118 |       0 |   0.0 |      25 |       0 |   0.0
            +---------+---------+-------+---------+---------+-------
